Map: Prion Terraces

Players

ILLBdA - Winner!

  • Race: Protoss Protoss
  • League: Diamond

Dynasty

  • Race: Zerg Zerg
  • League: Gold

VOD

Have the link to the VOD?

Description

Time

  • Played on: Dec. 23, 2015, 12:59 a.m.
  • Length: 7:18
Show
View Real Time Build Order
Export as new Build Order

ILLBdA Protoss - Winner!

Build Orders: 1 Gate Expand, Zealot Archon, Dark Templar Rush 

Get SALT Encoding   

  12  0:00  Probe (Chrono Boost)  
  13  0:11  Probe (Chrono Boost)  
  14  0:19  Pylon  
  14  0:22  Probe (Chrono Boost)  
  15  0:37  Probe (Chrono Boost)  
  15  0:39  Gateway  
  16  0:48  Probe (Chrono Boost)  
  17  0:58  Probe (Chrono Boost)  
  18  1:09  Probe (Chrono Boost)  
  19  1:16  Nexus  
  19  1:22  Assimilator  
  20  1:25  Probe (Chrono Boost)  
  20  1:30  Assimilator  
  20  1:34  Cybernetics Core  
  20  1:37  Probe (Chrono Boost)  
  21  1:48  Probe (Chrono Boost)  
  21  1:51  Pylon  
  22  1:59  Probe (Chrono Boost)  
  23  2:10  Mothership Core (Chrono Boost)  
  25  2:18  Adept  
  27  2:24  Warp Gate  
  27  2:28  Probe (Chrono Boost)  
  27  2:29  Probe (Chrono Boost)  
  29  2:37  Pylon  
  29  2:39  Probe x2 (Chrono Boost)  
  31  2:47  Sentry  
  31  2:49  Probe (Chrono Boost), Pylon  
  31  2:50  Probe (Chrono Boost)  
  35  3:00  Probe x2 (Chrono Boost)  
  37  3:10  Probe (Chrono Boost)  
  37  3:11  Probe (Chrono Boost)  
  37  3:12  Twilight Council  
  39  3:15  Adept  
  41  3:21  Probe (Chrono Boost)  
  41  3:22  Pylon  
  41  3:26  Gateway  
  42  3:32  Probe (Chrono Boost)  
  43  3:36  Probe (Chrono Boost), Assimilator  
  43  3:37  Assimilator  
  44  3:43  Probe (Chrono Boost)  
  44  3:46  Probe (Chrono Boost)  
  46  3:53  Probe (Chrono Boost)  
  46  3:54  Dark Shrine  
  47  3:57  Probe (Chrono Boost)  
  47  3:59  Pylon  
  48  4:04  Probe (Chrono Boost)  
  48  4:07  Probe (Chrono Boost)  
  50  4:14  Gateway  
  50  4:15  Probe (Chrono Boost)  
  50  4:16  Gateway  
  51  4:18  Probe (Chrono Boost)  
  52  4:25  Gateway  
  52  4:27  Gateway  
  52  4:33  Gateway  
  52  4:37  Sentry  
  54  4:43  Probe (Chrono Boost)  
  55  4:45  Pylon  
  54  4:53  Zealot  
  48  5:08  Probe (Chrono Boost)  
  49  5:14  Dark Templar x2  
  49  5:15  Dark Templar x2  
  57  5:22  Dark Templar  
  59  5:29  Dark Templar x2  
  63  5:46  Dark Templar  
  63  5:47  Zealot x3  
  71  6:09  Dark Templar x2  
  75  6:19  Probe  
  75  6:21  Pylon  
  75  6:23  Pylon  
  75  6:24  Probe  
  75  7:12  Archon x3  
  75  7:13  Archon x2  
Show
View Real Time Build Order
Export as new Build Order

Dynasty Zerg 

Build Orders: Hatch First 

Get SALT Encoding   

  12  0:01  Drone  
  13  0:10  Drone  
  14  0:16  Extractor  
  14  0:17  Drone  
  15  0:22  Overlord  
  15  0:41  Drone x2  
  17  0:54  Hatchery  
  16  0:57  Drone  
  16  0:58  Drone  
  18  1:06  Overlord  
  18  1:18  Spawning Pool  
  18  1:22  Extractor  
  18  1:23  Drone  
  17  1:28  Drone  
  18  1:38  Drone  
  19  1:50  Drone  
  20  2:02  Drone  
  20  2:05  Queen x2  
  20  2:07  Zergling x2  
  26  2:16  Zergling x2  
  26  2:21  Drone x2  
  29  2:28  Metabolic Boost  
  29  2:32  Drone x2  
  31  2:41  Queen x2  
  35  2:50  Overlord  
  35  2:54  Drone  
  35  2:55  Evolution Chamber  
  34  3:11  Drone x5  
  39  3:23  Drone x4  
  39  3:24  Overlord x2  
  43  3:39  Hatchery  
  42  3:44  Zergling x8  
  46  3:53  Zergling x6  
  46  3:54  Zergling x4  
  51  3:59  Extractor  
  51  4:01  Zergling x4  
  51  4:02  Zergling x2  
  53  4:07  Zergling x2  
  54  4:15  Zergling x2  
  55  4:26  Drone x2  
  55  4:27  Drone x2, Overlord  
  59  4:41  Overlord x2  
  56  5:02  Drone x5  
  56  5:03  Drone x2  
  60  5:12  Drone x2  
  62  5:14  Queen  
  62  5:20  Hatchery  
  63  5:23  Zerg Missile Weapons Level 1  
  63  5:24  Roach Warren  
  63  5:25  Evolution Chamber, Extractor  
  63  5:27  Drone x5, Extractor  
  62  5:46  Spore Crawler  
  61  5:51  Spore Crawler  
Tags
 
Add a new tag
Caveats
  • Supply blocks, unpowered buildings, or Contaminate may cause inaccurate times.
  • Supply counts are checked every 10 seconds.